 Dungeon Crawl Stone Soup version 0.29.0-4-gdea44cf6ec (webtiles) character file.

Game seed: 6775439958110031229

89345 qw the Severer (level 15, 0/98 (101) HPs)
             Began as a Gargoyle Berserker on Sept 4, 2022.
             Was an Elder of Trog.
             Killed from afar by an orc sorcerer (6 damage)
             ... with a bolt of fire
             ... on level 2 of the Orcish Mines.
             The game lasted 00:09:43 (27707 turns).

qw the Severer (Gargoyle Berserker)                Turns: 27707, Time: 00:09:44

HP:   0/98 (101)    AC: 43    Str: 27    XL:     15   Next: 97%
MP:   15/15         EV: 13    Int:  9    God:    Trog [****..]
Gold: 2036          SH: 11    Dex: 12    Spells: 14/14 levels left

rFire   . . .      SeeInvis +   Y - +5 war axe (venom)
rCold   + . .      Faith    .   v - +0 buckler
rNeg    + . .      Spirit   .   a - +1 plate armour {rC+}
rPois   inf        Reflect  +   d - +2 helmet
rElec   +          Harm     .   k - +0 cloak
rCorr   .          Rampage  .   h - +2 pair of gloves
Will    +++..                   b - +0 pair of boots
Stlth   ..........              m - amulet of reflection
HPRegen 1.26/turn               p - ring "Vusoav" {AC+4 Dex+3 SInv}
MPRegen 0.14/turn               j - +4 ring of evasion

@: strong-willed, on berserk cooldown, flying, regenerating, slowed, lightly
drained, very slow
A: sickness immunity, AC +11, big wings, negative energy resistance 1,
electricity resistance, torment resistance 1, petrification resistance
a: Renounce Religion, Berserk, Trog's Hand, Brothers in Arms


You were on level 2 of the Orcish Mines.
You worshipped Trog.
Trog was greatly pleased with you.
You visited 3 branches of the dungeon, and saw 22 of its levels.

You collected 2454 gold pieces.
You spent 418 gold pieces at shops.


Innate Abilities, Weirdness & Mutations

You are immune to sickness and miasma.
Your stone body is resilient. (AC +11)
You are immune to poison.
Your large and strong wings let you fly.
You resist negative energy. (rN+)
You are resistant to electric shocks. (rElec)
You are resistant to unholy torment.
You are immune to petrification.


   Skills:
 + Level 14.7 Fighting
 - Level 16.0 Axes
 - Level 8.0 Throwing
 - Level 14.0 Armour
 - Level 5.0 Dodging
 - Level 9.0 Shields


You had 14 spell levels left.
You didn't know any spells.
Your spell library was empty.

Inventory:

Hand Weapons
 e - a +5 hand axe of flaming
 Y - a +5 war axe of venom (weapon)
Missiles
 f - 10 boomerangs
 g - 3 silver boomerangs
 t - 3 silver javelins (quivered)
 x - 4 javelins
Armour
 a - a +1 plate armour of cold resistance (worn)
 b - a +0 pair of boots (worn)
 d - a +2 helmet (worn)
 h - a +2 pair of gloves (worn)
 k - a +0 cloak (worn)
 v - a +0 buckler (worn)
Jewellery
 j - a +4 ring of evasion (right hand)
 m - an amulet of reflection (around neck)
 p - the ring "Vusoav" (left hand) {AC+4 Dex+3 SInv}
   (You found it on level 11 of the Dungeon)

   [ring of protection]

   AC:        It affects your AC (+4).
   Dex:       It affects your dexterity (+3).
   SInv:      It lets you see invisible.
Wands
 c - a wand of digging (5)
Scrolls
 o - 12 scrolls of identify
Potions
 i - 4 potions of might
 l - 4 potions of curing
 r - 7 potions of mutation
 s - 3 potions of haste
 u - a potion of resistance

Dungeon Overview and Level Annotations

Branches:
Dungeon (15/15)            Temple (0/1) D:4            Lair (5/5) D:8
 Shoals (0/4) Lair:2       Spider (0/4) Lair:3        Slime (0/5) Lair:5
    Orc (2/2) D:9          Vaults (0/5) D:14         Depths (0/4) D:15
    Elf: Orc:2

Altars:
Dithmenos
Fedhas
Makhleb
Nemelex Xobeh
Okawaru
Wu Jian
Jiyva

Shops:
D:8 *[!:(

Annotations:
D:3 1 runed translucent door, Crazy Yiuf
D:5 1 runed translucent door, qw's ghost, novice MiFi
D:15 2 transporters, qw's ghost, journeyman FoCA
Lair:5 1 runed translucent door
Orc:1 1 runed translucent door


Message History

Trog accepts your kill.
Trog appreciates your killing of a magic user.
The orc priest closely misses you. You block the orc priest's attack.
Things that are here:
a +0 war axe; a +0 arbalest; a +0 plate armour You slash the orc priest!
The orc priest is poisoned.
The orc priest is heavily wounded.
The orc sorcerer becomes larger for a moment.
The orc sorcerer points at you and mumbles some strange words.
The bolt of negative energy hits you! You partially resist.
You feel drained. The orc priest barely misses you.
You hit the orc priest.
The orc priest is severely wounded.
The orc sorcerer shouts, "You can't withstand my power!"
The orc sorcerer mumbles some strange words.
You block the orc priest's attack. The orc priest barely misses you.
You hit the orc priest but do no damage.
The orc priest looks as sick as possible!
The orc priest is severely wounded.
The orc priest barely misses you. You block the rust devil's attack.
You hit the orc priest.
The orc priest looks as sick as possible!
The orc priest is almost dead.
You hit the rust devil.
The rust devil is poisoned.
You kill the orc priest!
Trog accepts your kill. You block the red devil's attack.
You block the rust devil's attack.
You slice the rust devil!!
The rust devil is severely wounded.
The orc sorcerer gestures at you while chanting.
The bolt of fire hits the rust devil.
The rust devil completely resists.
The bolt of fire hits you!! You block the red devil's attack.
The rust devil closely misses you.
You slash the rust devil!
You kill the rust devil!
The rust devil disappears in a puff of smoke!
The orc sorcerer casts a spell at you. The bolt of fire hits you.
You die...

## ### ## .## ##.###
#.## ..# #....# ## ...
.## ##....# ##.##..####
#####.....###.........##
...###......##..#......#
..........)##.#.).......
...........)##))@#
........#)%))...ยค#
.....#####...)..4o......
......# ##........#....
.......#....#...4.......
...............#.......
..###.......#.##.......#
.....#####....#### .....
.....#


You could see an ice devil (summoned), an orc sorcerer and a red devil
(summoned).

Vanquished Creatures
  Rupert (D:15)
  Frances (D:14)
  Roxanne (D:14)
  Nessos (D:14)
  Azrael (D:14)
  Snorg (Lair:4)
  Josephine (D:13)
  Erolcha (D:10)
  A great orb of eyes (D:15)
  6 hydras
  3 boulder beetles
  An ogre mage (D:15)
  A death knight (D:11)
  A rakshasa (D:15)
  2 catoblepae (Lair:2)
  6 centaur warriors
  6 two-headed ogres
  2 tengu warriors
  An orc high priest (Orc:2)
  4 skeletal warriors (D:13)
  Lodul (D:11)
  2 lindwurms (Lair:5)
  Pikel (D:5)
  3 orc knights
  A necromancer (D:14)
  A deep elf pyromancer (D:15)
  9 slime creatures
  An orc sorcerer (Orc:1)
  10 ugly things
  7 cyclopes
  20 elephants
  Joseph (D:8)
  2 manticores
  5 black mambas (Lair:1)
  10 cane toads
  A torpor snail (Lair:4)
  3 gargoyles
  A kobold demonologist (D:13)
  A rime drake (Lair:5)
  Psyche (D:11)
  A rime drake (shapeshifter) (D:11)
  7 komodo dragons
  A tengu conjurer (D:15)
  2 efreet
  12 polar bears
  A polar bear (shapeshifter) (D:13)
  5 hornets
  2 trolls
  Prince Ribbit (D:5)
  5 blink frogs (Lair:1)
  A dream sheep (Lair:5)
  2 culicivoras (Lair:3)
  12 spriggans (Lair:5)
  2 shadows
  6 wraiths
  A centaur simulacrum (D:15)
  2 wyverns
  43 yaks
  3 fire elementals (D:14)
  4 basilisks
  7 vampire mosquitoes
  2 steam dragons
  4 wargs
  Edmund (D:5)
  A swamp worm (shapeshifter) (D:15)
  17 water moccasins
  Duvessa (D:5)
  2 acid dragons
  4 hell hounds (D:14)
  18 orc warriors
  An ice beast (D:5)
  A sky beast (D:7)
  7 black bears
  12 ogres
  21 wolves (Lair:5)
  4 boggarts (Lair:5)
  11 centaurs
  4 kobold brigands
  2 phantoms (D:9)
  6 bullfrogs
  A gnoll sergeant (D:11)
  A necrophage (D:5)
  4 scorpions
  3 wights (D:7)
  Dowan (D:5)
  35 killer bees
  2 troll zombies (D:9)
  An electric eel (Lair:2)
  4 howler monkeys
  6 jellies
  10 hounds
  10 orc priests
  Ijyb (D:5)
  27 orc wizards
  An iguana (D:5)
  5 ogre zombies (D:9)
  11 gnolls
  13 adders
  3 shadow imps
  4 white imps
  An ufetubus (D:5)
  3 dart slugs
  69 orcs
  13 ball pythons
  3 giant cockroaches
  7 goblins
  10 hobgoblins
  A jackal (D:5)
  20 kobolds
  A quokka (D:5)
  7 bats
  7 frilled lizards
  A goblin skeleton (D:9)
  4 goblin zombies (D:9)
  3 hobgoblin skeletons (D:9)
  16 orc zombies (D:9)
  7 rats
678 creatures vanquished.

Vanquished Creatures (collateral kills)
  A hydra (Lair:5)
1 creature vanquished.

Vanquished Creatures (others)
  3 bushes (D:8)
  26 fungi
  56 plants
85 creatures vanquished.

Grand Total: 764 creatures vanquished

Notes
Turn   | Place    | Note
-------+----------+-------------------------------------------
     0 | D:1      | qw the Gargoyle Berserker began the quest for the Orb.
     0 | D:1      | Reached XP level 1. HP: 14/14 MP: 1/1
     0 | D:1      | 0 ||| qw: Version: 0.1-a-103-gd6f5d3a
     0 | D:1      | 0 ||| qw: Game counter: 5431
     0 | D:1      | 0 ||| qw: Always use a shield: true
     0 | D:1      | 0 ||| qw: Do Orc after D:15 true
     0 | D:1      | 0 ||| qw: Do second Lair branch before Depths: true
     0 | D:1      | 0 ||| qw: Lair rune preference: random
     0 | D:1      | 0 ||| qw: Plans: Normal
     0 | D:1      | 0 ||| PLANNING D:1-11
   184 | D:1      | 184 ||| Stepping ~*~*~tactically~*~*~ (stealth).
   194 | D:1      | 194 ||| Stepping ~*~*~tactically~*~*~ (stealth).
   201 | D:1      | 201 ||| Stepping ~*~*~tactically~*~*~ (stealth).
   208 | D:1      | Reached skill level 3 in Axes
   324 | D:1      | 324 ||| Stepping ~*~*~tactically~*~*~ (stealth).
   325 | D:1      | 325 ||| Stepping ~*~*~tactically~*~*~ (stealth).
   326 | D:1      | 326 ||| Stepping ~*~*~tactically~*~*~ (stealth).
   332 | D:1      | 332 ||| Stepping ~*~*~tactically~*~*~ (stealth).
   335 | D:1      | 335 ||| Stepping ~*~*~tactically~*~*~ (stealth).
   455 | D:1      | Reached XP level 2. HP: 19/19 MP: 2/2
   583 | D:1      | 583 ||| Stepping ~*~*~tactically~*~*~ (hiding).
   685 | D:1      | 685 ||| Stepping ~*~*~tactically~*~*~ (hiding).
   787 | D:1      | 787 ||| Stepping ~*~*~tactically~*~*~ (hiding).
   906 | D:1      | 906 ||| Stepping ~*~*~tactically~*~*~ (stealth).
  1190 | D:1      | You fall into a shaft and drop 1 floor!
  1278 | D:2      | 1278 ||| Stepping ~*~*~tactically~*~*~ (stealth).
  1317 | D:2      | 1317 ||| UPGRADING to +0 pair of gloves.
  1322 | D:2      | 1322 ||| READING 2 scrolls labelled HUIF XOWIPN.
  1323 | D:2      | 1323 ||| READING 2 scrolls labelled QATI MOSCHAACU.
  1324 | D:2      | 1324 ||| READING scroll labelled NESAOSACICH.
  1325 | D:2      | 1325 ||| READING scroll labelled YBLAKHL JULUZEI.
  1326 | D:2      | 1326 ||| READING scroll labelled ENNO BABBYDUTA.
  1327 | D:2      | 1327 ||| DROPPING scroll of noise.
  1328 | D:2      | 1328 ||| DROPPING scroll of butterflies.
  1340 | D:2      | Reached ** piety under Trog
  1341 | D:2      | Reached XP level 3. HP: 23/23 MP: 3/3
  1619 | D:1      | 1619 ||| SWAPPING to +2 hand axe of flaming.
  1620 | D:1      | 1620 ||| DROPPING +0 club.
  1621 | D:1      | 1621 ||| DROPPING +0 hand axe.
  1706 | D:1      | 1706 ||| UPGRADING to ring of see invisible.
  1707 | D:1      | 1707 ||| READING scroll labelled FEUWNE YNIHA.
  1761 | D:2      | 1761 ||| STAIRDANCE
  1822 | D:2      | Reached skill level 4 in Axes
  1828 | D:2      | Found a faded altar of an unknown god.
  1828 | D:2      | Noticed a shadow demon
  2039 | D:2      | 2039 ||| UPGRADING to +0 helmet.
  2044 | D:2      | 2044 ||| UPGRADING to +0 leather armour.
  2054 | D:2      | 2054 ||| DROPPING +0 animal skin.
  2055 | D:2      | 2055 ||| DRINKING 2 viscous black potions.
  2056 | D:2      | 2056 ||| DROPPING potion of flight.
  2117 | D:3      | 2117 ||| Stepping ~*~*~tactically~*~*~ (stealth).
  2118 | D:3      | 2118 ||| Stepping ~*~*~tactically~*~*~ (stealth).
  2119 | D:3      | 2119 ||| Stepping ~*~*~tactically~*~*~ (stealth).
  2131 | D:3      | Reached XP level 4. HP: 26/28 MP: 4/4
  2177 | D:3      | Reached skill level 1 in Throwing
  2399 | D:3      | Found a runed translucent door.
  2400 | D:3      | Noticed Crazy Yiuf
  2786 | D:3      | 2786 ||| UPGRADING to +0 chain mail.
  2796 | D:3      | 2796 ||| DROPPING +0 leather armour.
  2797 | D:3      | 2797 ||| UPGRADING to +0 plate armour.
  2807 | D:3      | 2807 ||| DROPPING +0 chain mail.
  2808 | D:3      | 2808 ||| READING scroll labelled SEM TAOJEIR.
  2862 | D:3      | 2862 ||| READING scroll labelled MESOUM LUHEWI.
  2863 | D:3      | 2863 ||| READING scroll labelled XURYWU ONAHAXI.
  2945 | D:4      | 2945 ||| STAIRDANCE
  3121 | D:4      | 3121 ||| INVOKING Berserk.
  3129 | D:4      | Reached skill level 3 in Armour
  3129 | D:4      | Reached XP level 5. HP: 32/32 MP: 5/5
  3274 | D:4      | Found a staircase to the Ecumenical Temple.
  3330 | D:4      | 3330 ||| Stepping ~*~*~tactically~*~*~ (stealth).
  3388 | D:4      | Found a burning altar of Makhleb.
  3599 | D:4      | 3599 ||| UPGRADING to amulet of the acrobat.
  3604 | D:4      | 3604 ||| UPGRADING to ring of resist corrosion.
  3605 | D:4      | 3605 ||| READING scroll labelled ERHEUZ GYJAIW.
  3606 | D:4      | 3606 ||| READING 2 scrolls labelled IFIYVVIGAM.
  3607 | D:4      | 3607 ||| DRINKING 3 ruby potions.
  3608 | D:4      | 3608 ||| READING 3 scrolls of identify.
  3608 | D:4      | 3608 ||| IDENTIFYING white potion
  3609 | D:4      | 3609 ||| READING 2 scrolls of identify.
  3609 | D:4      | 3609 ||| IDENTIFYING brown potion
  3610 | D:4      | 3610 ||| DROPPING potion of attraction.
  3611 | D:4      | 3611 ||| DROPPING potion of degeneration.
  3612 | D:4      | 3612 ||| DROPPING scroll of fear.
  3628 | D:5      | Entered Level 5 of the Dungeon
  3663 | D:5      | Reached skill level 5 in Axes
  3683 | D:5      | Reached XP level 6. HP: 38/38 MP: 6/6
  3724 | D:5      | Noticed Pikel
  3729 | D:5      | 3729 ||| INVOKING Berserk.
  3737 | D:5      | Killed Pikel
  3738 | D:5      | Reached skill level 7 in Axes
  3738 | D:5      | Reached XP level 7. HP: 43/43 MP: 7/7
  3814 | D:5      | 3814 ||| INVOKING Berserk.
  3991 | D:5      | 3991 ||| Stepping ~*~*~tactically~*~*~ (stealth).
  3992 | D:5      | 3992 ||| Stepping ~*~*~tactically~*~*~ (stealth).
  3999 | D:5      | Reached XP level 8. HP: 47/48 MP: 8/8
  4124 | D:5      | 4124 ||| Stepping ~*~*~tactically~*~*~ (stealth).
  4125 | D:5      | 4125 ||| Stepping ~*~*~tactically~*~*~ (stealth).
  4147 | D:5      | 4147 ||| Stepping ~*~*~tactically~*~*~ (hiding).
  4164 | D:5      | 4164 ||| Stepping ~*~*~tactically~*~*~ (stealth).
  4166 | D:5      | 4166 ||| Stepping ~*~*~tactically~*~*~ (stealth).
  4172 | D:5      | 4172 ||| Stepping ~*~*~tactically~*~*~ (hiding).
  4210 | D:5      | 4210 ||| INVOKING Berserk.
  4215 | D:5      | Reached skill level 8 in Axes
  4221 | D:5      | Noticed Edmund
  4241 | D:5      | Killed Edmund
  4249 | D:5      | Noticed Ijyb
  4250 | D:5      | 4250 ||| FLEEEEING.
  4251 | D:5      | 4251 ||| FLEEEEING.
  4252 | D:5      | 4252 ||| FLEEEEING.
  4253 | D:5      | 4253 ||| FLEEEEING.
  4291 | D:5      | 4291 ||| Stepping ~*~*~tactically~*~*~ (stealth).
  4292 | D:5      | 4292 ||| Stepping ~*~*~tactically~*~*~ (stealth).
  4295 | D:5      | 4295 ||| INVOKING Berserk.
  4299 | D:5      | Killed Ijyb
  4522 | D:5      | 4522 ||| Stepping ~*~*~tactically~*~*~ (stealth).
  4791 | D:5      | Found a runed translucent door.
  4795 | D:5      | Noticed qw's ghost (novice MiFi)
  4821 | D:5      | Noticed Prince Ribbit
  4825 | D:5      | Reached skill level 6 in Fighting
  4825 | D:5      | 4825 ||| INVOKING Berserk.
  4838 | D:5      | Killed Prince Ribbit
  4838 | D:5      | Reached *** piety under Trog
  4839 | D:5      | Reached XP level 9. HP: 42/55 MP: 9/9
  4931 | D:5      | Reached skill level 9 in Axes
  4988 | D:5      | Noticed Duvessa
  4988 | D:5      | Noticed Dowan
  4990 | D:5      | 4990 ||| INVOKING Berserk.
  4997 | D:5      | Killed Duvessa
  5001 | D:5      | Killed Dowan
  5002 | D:5      | Reached skill level 3 in Throwing
  5500 | D:5      | 5500 ||| UPGRADING to +0 pair of boots.
  5505 | D:5      | 5505 ||| UPGRADING to amulet of reflection.
  5515 | D:5      | 5515 ||| DROPPING amulet of the acrobat.
  5516 | D:5      | 5516 ||| READING 2 scrolls labelled VUIRGH EFUO.
  5517 | D:5      | 5517 ||| READING 5 scrolls of identify.
  5517 | D:5      | 5517 ||| IDENTIFYING fuming brown potion
  5518 | D:5      | 5518 ||| READING 4 scrolls of identify.
  5518 | D:5      | 5518 ||| IDENTIFYING fizzy golden potion
  5519 | D:5      | 5519 ||| DROPPING scroll of amnesia.
  5520 | D:5      | 5520 ||| DROPPING potion of ambrosia.
  5521 | D:5      | 5521 ||| DROPPING potion of invisibility.
  5564 | D:6      | Noticed a two-headed ogre
  5567 | D:6      | 5567 ||| Stepping ~*~*~tactically~*~*~ (stealth).
  5569 | D:6      | 5569 ||| INVOKING Berserk.
  5571 | D:6      | Killed a two-headed ogre
  5577 | D:6      | 5577 ||| Stepping ~*~*~tactically~*~*~ (stealth).
  5584 | D:6      | 5584 ||| Stepping ~*~*~tactically~*~*~ (stealth).
  5625 | D:6      | 5625 ||| Stepping ~*~*~tactically~*~*~ (stealth).
  6024 | D:6      | 6024 ||| READING 2 scrolls of enchant weapon.
  6024 | D:6      | 6024 ||| ENCHANTING +3 hand axe of flaming.
  6025 | D:6      | 6025 ||| READING scroll of enchant weapon.
  6025 | D:6      | 6025 ||| ENCHANTING +4 hand axe of flaming.
  6124 | D:6      | 6124 ||| INVOKING Berserk.
  6154 | D:6      | 6154 ||| FLEEEEING.
  6300 | D:6      | 6300 ||| INVOKING Berserk.
  6305 | D:6      | Reached XP level 10. HP: 63/63 MP: 10/10
  6426 | D:6      | 6426 ||| Stepping ~*~*~tactically~*~*~ (stealth).
  6565 | D:6      | Found an iron altar of Okawaru.
  7054 | D:7      | 7054 ||| Stepping ~*~*~tactically~*~*~ (hiding).
  7065 | D:7      | Reached skill level 10 in Axes
  7362 | D:7      | 7362 ||| Stepping ~*~*~tactically~*~*~ (stealth).
  7417 | D:7      | 7417 ||| Stepping ~*~*~tactically~*~*~ (stealth).
  7444 | D:7      | 7444 ||| Stepping ~*~*~tactically~*~*~ (hiding).
  7446 | D:7      | 7446 ||| INVOKING Berserk.
  7770 | D:7      | 7770 ||| Stepping ~*~*~tactically~*~*~ (hiding).
  7772 | D:7      | 7772 ||| Stepping ~*~*~tactically~*~*~ (hiding).
  7885 | D:7      | 7885 ||| SWAPPING to +0 war axe.
  7904 | D:7      | 7904 ||| UPGRADING to +2 pair of gloves.
  7914 | D:7      | 7914 ||| DROPPING +0 pair of gloves.
  7915 | D:7      | 7915 ||| DROPPING ring of resist corrosion.
  7916 | D:7      | 7916 ||| UPGRADING to +4 ring of evasion.
  7918 | D:7      | 7918 ||| READING 2 scrolls labelled TUSYLU HAIS.
  7922 | D:7      | 7922 ||| READING 3 scrolls of identify.
  7922 | D:7      | 7922 ||| IDENTIFYING coppery potion
  7933 | D:8      | Found Sios Tiu's Distillery.
  7937 | D:8      | 7937 ||| BUYING potion of heal wounds (55 gold).
  7937 | D:8      | Bought a potion of heal wounds for 55 gold pieces
  7937 | D:8      | 7937 ||| BUYING potion of might (44 gold).
  7937 | D:8      | Bought a potion of might for 44 gold pieces
  7937 | D:8      | 7937 ||| BUYING potion of mutation (88 gold).
  7937 | D:8      | Bought a potion of mutation for 88 gold pieces
  7953 | D:8      | 7953 ||| Stepping ~*~*~tactically~*~*~ (hiding).
  7957 | D:8      | 7957 ||| INVOKING Berserk.
  7976 | D:8      | 7976 ||| Stepping ~*~*~tactically~*~*~ (stealth).
  7985 | D:8      | Reached **** piety under Trog
  8010 | D:8      | 8010 ||| FLEEEEING.
  8011 | D:8      | 8011 ||| FLEEEEING.
  8036 | D:8      | Found Ireheimnui's Book Shoppe.
  8042 | D:8      | Found Didghiw's Weapon Shop.
  8045 | D:8      | 8045 ||| Stepping ~*~*~tactically~*~*~ (hiding).
  8058 | D:8      | Noticed Joseph
  8059 | D:8      | 8059 ||| Stepping ~*~*~tactically~*~*~ (stealth).
  8092 | D:8      | 8092 ||| Stepping ~*~*~tactically~*~*~ (stealth).
  8093 | D:8      | 8093 ||| Stepping ~*~*~tactically~*~*~ (stealth).
  8095 | D:8      | 8095 ||| Stepping ~*~*~tactically~*~*~ (hiding).
  8109 | D:8      | 8109 ||| INVOKING Berserk.
  8118 | D:8      | Killed Joseph
  8119 | D:8      | Reached skill level 11 in Axes
  8298 | D:8      | Found Rapnus's Armour Emporium.
  8299 | D:8      | 8299 ||| Stepping ~*~*~tactically~*~*~ (stealth).
  8317 | D:8      | 8317 ||| SHOPLISTING +10 tower shield of Ignorance {rN+
                  | Int-4} (744 gold, have 285).
  8317 | D:8      | 8317 ||| SHOPLISTING +3 chain mail of cold resistance (344
                  | gold, have 285).
  8347 | D:8      | Found a shadowy altar of Dithmenos.
  8348 | D:8      | Noticed a two-headed ogre
  8350 | D:8      | 8350 ||| INVOKING Berserk.
  8354 | D:8      | Killed a two-headed ogre
  8355 | D:8      | Found Jadywae's General Store.
  8433 | D:8      | 8433 ||| BUYING potion of curing (42 gold).
  8433 | D:8      | Bought a potion of curing for 42 gold pieces
  8433 | D:8      | 8433 ||| BUYING scroll of enchant weapon (105 gold).
  8433 | D:8      | Bought a scroll of enchant weapon for 105 gold pieces
  8433 | D:8      | 8433 ||| BUYING scroll of teleportation (42 gold).
  8433 | D:8      | Bought a scroll of teleportation for 42 gold pieces
  8433 | D:8      | 8433 ||| BUYING scroll of teleportation (42 gold).
  8433 | D:8      | Bought a scroll of teleportation for 42 gold pieces
  8433 | D:8      | 8433 ||| READING scroll of enchant weapon.
  8433 | D:8      | 8433 ||| ENCHANTING +0 war axe.
  8439 | D:8      | 8439 ||| Stepping ~*~*~tactically~*~*~ (stealth).
  8441 | D:8      | 8441 ||| Stepping ~*~*~tactically~*~*~ (hiding).
  8473 | D:8      | Reached XP level 11. HP: 60/69 MP: 11/11
  8483 | D:8      | Reached skill level 9 in Fighting
  8483 | D:8      | 8483 ||| FLEEEEING.
  8484 | D:8      | 8484 ||| FLEEEEING.
  8485 | D:8      | 8485 ||| FLEEEEING.
  8487 | D:8      | 8487 ||| FLEEEEING.
  8489 | D:8      | 8489 ||| FLEEEEING.
  8490 | D:8      | 8490 ||| FLEEEEING.
  8491 | D:8      | 8491 ||| FLEEEEING.
  8492 | D:8      | 8492 ||| FLEEEEING.
  8493 | D:8      | 8493 ||| FLEEEEING.
  8494 | D:8      | 8494 ||| FLEEEEING.
  8495 | D:8      | 8495 ||| FLEEEEING.
  8496 | D:8      | 8496 ||| FLEEEEING.
  8497 | D:8      | 8497 ||| FLEEEEING.
  8498 | D:8      | 8498 ||| FLEEEEING.
  8499 | D:8      | 8499 ||| FLEEEEING.
  8500 | D:8      | 8500 ||| FLEEEEING.
  8501 | D:8      | 8501 ||| FLEEEEING.
  8502 | D:8      | 8502 ||| FLEEEEING.
  8503 | D:8      | 8503 ||| FLEEEEING.
  8504 | D:8      | 8504 ||| Stepping ~*~*~tactically~*~*~ (stealth).
  8612 | D:8      | Found an ornate altar of the Wu Jian Council.
  8612 | D:8      | Found a sparkling altar of Nemelex Xobeh.
  8628 | D:8      | 8628 ||| Stepping ~*~*~tactically~*~*~ (stealth).
  8671 | D:8      | 8671 ||| Stepping ~*~*~tactically~*~*~ (stealth).
  8671 | D:8      | Found a staircase to the Lair.
  8690 | D:8      | 8690 ||| INVOKING Berserk.
  8998 | D:8      | Found a blossoming altar of Fedhas.
  9074 | D:8      | Identified the +10 spear of Responsibility {drain, Fragile
                  | rPois rCorr Int+3}
  9141 | D:8      | 9141 ||| Stepping ~*~*~tactically~*~*~ (stealth).
  9142 | D:8      | 9142 ||| Stepping ~*~*~tactically~*~*~ (stealth).
  9144 | D:8      | 9144 ||| Stepping ~*~*~tactically~*~*~ (hiding).
  9156 | D:8      | 9156 ||| DRINKING 3 potions of curing.
  9156 | D:8      | 9156 ||| (to cure confusion)
  9184 | D:8      | Reached skill level 12 in Axes
  9257 | D:8      | 9257 ||| PLANNING LAIR
  9257 | D:8      | 9257 ||| DROPPING ring of magical power.
  9258 | D:8      | 9258 ||| READING 3 scrolls of identify.
  9258 | D:8      | 9258 ||| IDENTIFYING fizzy pink potion
  9259 | D:8      | 9259 ||| READING 2 scrolls of identify.
  9259 | D:8      | 9259 ||| IDENTIFYING metallic amethyst potion
  9260 | D:8      | 9260 ||| DROPPING potion of berserk rage.
  9261 | D:8      | 9261 ||| DROPPING potion of brilliance.
  9292 | Lair:1   | Entered Level 1 of the Lair of Beasts
  9300 | Lair:1   | 9300 ||| INVOKING Berserk.
  9419 | Lair:1   | 9419 ||| READING scroll of enchant weapon.
  9419 | Lair:1   | 9419 ||| ENCHANTING +1 war axe.
  9439 | Lair:1   | 9439 ||| INVOKING Berserk.
  9457 | Lair:1   | Reached skill level 9 in Armour
  9458 | Lair:1   | HP: 10/71 [yak (12)]
  9459 | Lair:1   | 9459 ||| READING 3 scrolls of teleportation.
  9460 | Lair:1   | 9460 ||| DRINKING 2 potions of heal wounds.
  9461 | Lair:1   | 9461 ||| DRINKING potion of heal wounds.
  9539 | Lair:1   | 9539 ||| Stepping ~*~*~tactically~*~*~ (stealth).
  9542 | Lair:1   | 9542 ||| INVOKING Berserk.
  9806 | Lair:1   | 9806 ||| INVOKING Berserk.
  9959 | Lair:1   | 9959 ||| INVOKING Berserk.
 10034 | Lair:1   | Found the +8 whip "Snakebite" {venom, curare, rPois}
 10254 | Lair:1   | 10254 ||| Stepping ~*~*~tactically~*~*~ (stealth).
 10255 | Lair:1   | 10255 ||| Stepping ~*~*~tactically~*~*~ (stealth).
 10259 | Lair:1   | 10259 ||| INVOKING Berserk.
 10283 | Lair:1   | 10283 ||| Stepping ~*~*~tactically~*~*~ (stealth).
 10310 | Lair:1   | 10310 ||| Stepping ~*~*~tactically~*~*~ (stealth).
 10329 | Lair:1   | 10329 ||| INVOKING Berserk.
 10341 | Lair:1   | Reached XP level 12. HP: 49/77 MP: 12/12
 10344 | Lair:1   | Reached skill level 13 in Axes
 10606 | Lair:1   | 10606 ||| Stepping ~*~*~tactically~*~*~ (stealth).
 10616 | Lair:1   | 10616 ||| Stepping ~*~*~tactically~*~*~ (stealth).
 10619 | Lair:1   | 10619 ||| Stepping ~*~*~tactically~*~*~ (stealth).
 10620 | Lair:1   | 10620 ||| Stepping ~*~*~tactically~*~*~ (stealth).
 10636 | Lair:1   | 10636 ||| INVOKING Berserk.
 10753 | Lair:1   | 10753 ||| Stepping ~*~*~tactically~*~*~ (stealth).
 10759 | Lair:1   | 10759 ||| Stepping ~*~*~tactically~*~*~ (stealth).
 10968 | Lair:1   | 10968 ||| INVOKING Berserk.
 11318 | Lair:1   | 11318 ||| DROPPING amulet of regeneration.
 11319 | Lair:1   | 11319 ||| READING scroll labelled TINITZU RERPH.
 11427 | Lair:2   | Found a staircase to the Shoals.
 11428 | Lair:2   | 11428 ||| Stepping ~*~*~tactically~*~*~ (hiding).
 11430 | Lair:2   | 11430 ||| Stepping ~*~*~tactically~*~*~ (hiding).
 11431 | Lair:2   | 11431 ||| Stepping ~*~*~tactically~*~*~ (hiding).
 11443 | Lair:2   | 11443 ||| Stepping ~*~*~tactically~*~*~ (hiding).
 11530 | Lair:2   | Noticed a catoblepas
 11531 | Lair:2   | 11531 ||| Stepping ~*~*~tactically~*~*~ (hiding).
 11534 | Lair:2   | 11534 ||| INVOKING Berserk.
 11541 | Lair:2   | Killed a catoblepas
 11567 | Lair:2   | Reached skill level 14 in Axes
 11921 | Lair:2   | 11921 ||| READING scroll of enchant weapon.
 11921 | Lair:2   | 11921 ||| ENCHANTING +2 war axe.
 11999 | Lair:2   | Noticed a catoblepas
 12000 | Lair:2   | 12000 ||| Stepping ~*~*~tactically~*~*~ (hiding).
 12001 | Lair:2   | 12001 ||| Stepping ~*~*~tactically~*~*~ (hiding).
 12005 | Lair:2   | 12005 ||| INVOKING Berserk.
 12015 | Lair:2   | Killed a catoblepas
 12194 | Lair:2   | 12194 ||| Stepping ~*~*~tactically~*~*~ (stealth).
 12195 | Lair:2   | 12195 ||| Stepping ~*~*~tactically~*~*~ (stealth).
 12196 | Lair:2   | 12196 ||| Stepping ~*~*~tactically~*~*~ (stealth).
 12205 | Lair:2   | 12205 ||| Stepping ~*~*~tactically~*~*~ (stealth).
 12208 | Lair:2   | 12208 ||| Stepping ~*~*~tactically~*~*~ (stealth).
 12768 | Lair:3   | 12768 ||| INVOKING Berserk.
 12889 | Lair:3   | 12889 ||| INVOKING Berserk.
 13222 | Lair:3   | 13222 ||| INVOKING Berserk.
 13354 | Lair:3   | 13354 ||| INVOKING Berserk.
 13365 | Lair:3   | Reached XP level 13. HP: 84/84 MP: 13/13
 13752 | Lair:3   | 13752 ||| Stepping ~*~*~tactically~*~*~ (hiding).
 13778 | Lair:3   | Found a hole to the Spider Nest.
 13854 | Lair:3   | 13854 ||| READING scroll labelled CYUPRY LYOPSIR.
 13855 | Lair:3   | 13855 ||| READING 2 scrolls of identify.
 13855 | Lair:3   | 13855 ||| IDENTIFYING purple potion
 13877 | Lair:4   | 13877 ||| PLANNING GAUNTLET
 13880 | Lair:4   | 13880 ||| Stepping ~*~*~tactically~*~*~ (stealth).
 13900 | Lair:4   | 13900 ||| Stepping ~*~*~tactically~*~*~ (stealth).
 13901 | Lair:4   | 13901 ||| Stepping ~*~*~tactically~*~*~ (stealth).
 13904 | Lair:4   | 13904 ||| Stepping ~*~*~tactically~*~*~ (stealth).
 13919 | Lair:4   | Reached skill level 15 in Axes
 14111 | Lair:4   | Noticed Snorg
 14115 | Lair:4   | 14115 ||| INVOKING Berserk.
 14125 | Lair:4   | Killed Snorg
 14256 | Lair:4   | 14256 ||| FLEEEEING.
 14259 | Lair:4   | 14259 ||| FLEEEEING.
 14260 | Lair:4   | 14260 ||| FLEEEEING.
 14261 | Lair:4   | 14261 ||| FLEEEEING.
 14262 | Lair:4   | 14262 ||| FLEEEEING.
 14263 | Lair:4   | 14263 ||| FLEEEEING.
 14264 | Lair:4   | 14264 ||| FLEEEEING.
 14265 | Lair:4   | 14265 ||| FLEEEEING.
 14266 | Lair:4   | 14266 ||| FLEEEEING.
 14267 | Lair:4   | 14267 ||| FLEEEEING.
 14268 | Lair:4   | 14268 ||| FLEEEEING.
 14269 | Lair:4   | 14269 ||| FLEEEEING.
 14270 | Lair:4   | 14270 ||| FLEEEEING.
 14271 | Lair:4   | 14271 ||| FLEEEEING.
 14272 | Lair:4   | 14272 ||| FLEEEEING.
 14273 | Lair:4   | 14273 ||| FLEEEEING.
 14274 | Lair:4   | 14274 ||| FLEEEEING.
 14275 | Lair:4   | 14275 ||| FLEEEEING.
 14276 | Lair:4   | 14276 ||| FLEEEEING.
 14277 | Lair:4   | 14277 ||| FLEEEEING.
 14278 | Lair:4   | 14278 ||| FLEEEEING.
 14279 | Lair:4   | 14279 ||| FLEEEEING.
 14283 | Lair:4   | 14283 ||| INVOKING Berserk.
 14415 | Lair:4   | 14415 ||| RIP GAUNTLET
 14434 | Lair:4   | 14434 ||| PLANNING LAIR
 14487 | Lair:4   | 14487 ||| INVOKING Berserk.
 14651 | Lair:4   | 14651 ||| INVOKING Brothers in Arms.
 14653 | Lair:4   | 14653 ||| SWAPPING to +5 hand axe of flaming.
 14654 | Lair:4   | 14654 ||| INVOKING Berserk.
 14686 | Lair:4   | 14686 ||| SWAPPING to +3 vorpal war axe.
 15363 | Lair:5   | Entered Level 5 of the Lair of Beasts
 15419 | Lair:5   | 15419 ||| Stepping ~*~*~tactically~*~*~ (hiding).
 15421 | Lair:5   | 15421 ||| INVOKING Berserk.
 15428 | Lair:5   | Reached skill level 12 in Fighting
 15450 | Lair:5   | 15450 ||| Stepping ~*~*~tactically~*~*~ (hiding).
 15451 | Lair:5   | 15451 ||| Stepping ~*~*~tactically~*~*~ (hiding).
 15461 | Lair:5   | Reached skill level 6 in Throwing
 15764 | Lair:5   | Found a runed translucent door.
 15773 | Lair:5   | Found a viscous altar of Jiyva.
 15773 | Lair:5   | Found a staircase to the Slime Pits.
 15807 | Lair:5   | 15807 ||| INVOKING Berserk.
 15898 | Lair:5   | 15898 ||| READING scroll of enchant armour.
 15898 | Lair:5   | 15898 ||| ENCHANTING +0 helmet.
 15929 | Lair:5   | Identified the +5 chain mail of Boaluata {rElec}
 16033 | Lair:5   | 16033 ||| Stepping ~*~*~tactically~*~*~ (stealth).
 16037 | Lair:5   | 16037 ||| INVOKING Berserk.
 16172 | Lair:5   | 16172 ||| INVOKING Brothers in Arms.
 16173 | Lair:5   | 16173 ||| INVOKING Brothers in Arms.
 16175 | Lair:5   | 16175 ||| SWAPPING to +5 hand axe of flaming.
 16176 | Lair:5   | 16176 ||| INVOKING Berserk.
 16183 | Lair:5   | 16183 ||| SWAPPING to +3 vorpal war axe.
 16302 | Lair:5   | 16302 ||| Stepping ~*~*~tactically~*~*~ (stealth).
 16303 | Lair:5   | 16303 ||| Stepping ~*~*~tactically~*~*~ (stealth).
 16305 | Lair:5   | 16305 ||| INVOKING Berserk.
 16367 | Lair:5   | 16367 ||| Stepping ~*~*~tactically~*~*~ (stealth).
 16396 | Lair:5   | 16396 ||| INVOKING Berserk.
 16515 | Lair:5   | 16515 ||| INVOKING Berserk.
 16523 | Lair:5   | Reached skill level 16 in Axes
 16532 | Lair:5   | 16532 ||| Stepping ~*~*~tactically~*~*~ (hiding).
 16649 | Lair:5   | 16649 ||| Stepping ~*~*~tactically~*~*~ (stealth).
 16654 | Lair:5   | 16654 ||| Stepping ~*~*~tactically~*~*~ (stealth).
 16659 | Lair:5   | 16659 ||| INVOKING Berserk.
 16896 | Lair:5   | 16896 ||| INVOKING Berserk.
 16906 | Lair:5   | Gained mutation: Your large and strong wings let you fly.
                  | [Gargoyle growth]
 16906 | Lair:5   | Reached XP level 14. HP: 92/92 MP: 14/14
 17070 | Lair:5   | 17070 ||| Stepping ~*~*~tactically~*~*~ (stealth).
 17086 | Lair:5   | Reached skill level 12 in Armour
 17086 | Lair:5   | 17086 ||| INVOKING Berserk.
 17266 | Lair:5   | 17266 ||| Stepping ~*~*~tactically~*~*~ (stealth).
 17267 | Lair:5   | 17267 ||| Stepping ~*~*~tactically~*~*~ (stealth).
 17279 | Lair:5   | 17279 ||| Stepping ~*~*~tactically~*~*~ (stealth).
 17304 | Lair:5   | Reached skill level 3 in Dodging
 17552 | Lair:5   | 17552 ||| UPGRADING to +0 buckler.
 17557 | Lair:5   | 17557 ||| PLANNING D:1-11
 17557 | Lair:5   | 17557 ||| UPGRADING to +5 chain mail of Boaluata {rElec}.
 17567 | Lair:5   | 17567 ||| DROPPING +0 plate armour.
 17568 | Lair:5   | 17568 ||| DROPPING +0 hat of intelligence.
 17569 | Lair:5   | 17569 ||| DRINKING 2 bubbling green potions.
 17570 | Lair:5   | 17570 ||| READING 2 scrolls of identify.
 17570 | Lair:5   | 17570 ||| IDENTIFYING bubbling orange potion
 17571 | Lair:5   | 17571 ||| DROPPING potion of magic.
 17735 | D:9      | Reached skill level 1 in Shields
 17753 | D:9      | 17753 ||| Stepping ~*~*~tactically~*~*~ (stealth).
 17754 | D:9      | 17754 ||| Stepping ~*~*~tactically~*~*~ (stealth).
 17756 | D:9      | 17756 ||| Stepping ~*~*~tactically~*~*~ (stealth).
 17758 | D:9      | 17758 ||| Stepping ~*~*~tactically~*~*~ (stealth).
 17759 | D:9      | 17759 ||| Stepping ~*~*~tactically~*~*~ (hiding).
 17778 | D:9      | 17778 ||| Stepping ~*~*~tactically~*~*~ (stealth).
 17788 | D:9      | Found a staircase to the Orcish Mines.
 17789 | D:9      | 17789 ||| Stepping ~*~*~tactically~*~*~ (stealth).
 17792 | D:9      | 17792 ||| Stepping ~*~*~tactically~*~*~ (stealth).
 17799 | D:9      | 17799 ||| Stepping ~*~*~tactically~*~*~ (stealth).
 17816 | D:9      | 17816 ||| Stepping ~*~*~tactically~*~*~ (stealth).
 17817 | D:9      | 17817 ||| Stepping ~*~*~tactically~*~*~ (stealth).
 17833 | D:9      | Reached ***** piety under Trog
 17865 | D:9      | 17865 ||| Stepping ~*~*~tactically~*~*~ (stealth).
 17877 | D:9      | 17877 ||| Stepping ~*~*~tactically~*~*~ (stealth).
 18088 | D:9      | 18088 ||| Stepping ~*~*~tactically~*~*~ (stealth).
 18089 | D:9      | 18089 ||| Stepping ~*~*~tactically~*~*~ (stealth).
 18100 | D:9      | Reached skill level 3 in Shields
 18109 | D:9      | 18109 ||| READING scroll of brand weapon.
 18109 | D:9      | 18109 ||| BRANDING +3 vorpal war axe.
 18533 | D:9      | 18533 ||| READING 3 scrolls of identify.
 18533 | D:9      | 18533 ||| IDENTIFYING red potion
 18534 | D:9      | 18534 ||| DROPPING potion of lignification.
 18547 | D:10     | Entered Level 10 of the Dungeon
 18556 | D:10     | 18556 ||| DRINKING 3 potions of curing.
 18556 | D:10     | 18556 ||| (to cure confusion)
 18634 | D:10     | Noticed Erolcha
 18635 | D:10     | 18635 ||| Stepping ~*~*~tactically~*~*~ (hiding).
 18638 | D:10     | 18638 ||| Stepping ~*~*~tactically~*~*~ (hiding).
 18640 | D:10     | 18640 ||| INVOKING Trog's Hand.
 18642 | D:10     | 18642 ||| INVOKING Brothers in Arms.
 18643 | D:10     | 18643 ||| INVOKING Berserk.
 18647 | D:10     | Killed Erolcha
 18647 | D:10     | Received a gift from Trog
 18805 | D:10     | 18805 ||| Stepping ~*~*~tactically~*~*~ (stealth).
 18822 | D:10     | 18822 ||| Stepping ~*~*~tactically~*~*~ (stealth).
 19321 | D:10     | 19321 ||| UPGRADING to +0 cloak.
 19346 | D:11     | Noticed Psyche
 19353 | D:11     | Killed Psyche
 19371 | D:11     | 19371 ||| Stepping ~*~*~tactically~*~*~ (stealth).
 19372 | D:11     | 19372 ||| Stepping ~*~*~tactically~*~*~ (stealth).
 19391 | D:11     | 19391 ||| Stepping ~*~*~tactically~*~*~ (stealth).
 19408 | D:11     | 19408 ||| DRINKING 3 potions of curing.
 19408 | D:11     | 19408 ||| (to cure confusion)
 19634 | D:11     | Reached skill level 6 in Shields
 19847 | D:11     | HP: 22/92 [death knight/+2 vampiric glaive (24)]
 19848 | D:11     | 19848 ||| READING 4 scrolls of teleportation.
 19849 | D:11     | 19849 ||| DRINKING 3 potions of heal wounds.
 19850 | D:11     | 19850 ||| INVOKING Berserk.
 20056 | D:11     | 20056 ||| INVOKING Brothers in Arms.
 20058 | D:11     | 20058 ||| SWAPPING to +5 hand axe of flaming.
 20059 | D:11     | 20059 ||| INVOKING Berserk.
 20121 | D:11     | 20121 ||| SWAPPING to +3 war axe of venom.
 20126 | D:11     | Identified the ring "Vusoav" {AC+4 Dex+3 SInv}
 20308 | D:11     | 20308 ||| Stepping ~*~*~tactically~*~*~ (stealth).
 20308 | D:11     | Noticed Lodul
 20309 | D:11     | 20309 ||| Stepping ~*~*~tactically~*~*~ (hiding).
 20323 | D:11     | Killed Lodul
 20343 | D:11     | 20343 ||| READING scroll of enchant weapon.
 20343 | D:11     | 20343 ||| ENCHANTING +3 war axe of venom.
 20571 | D:11     | 20571 ||| PLANNING D
 20571 | D:11     | 20571 ||| DROPPING ring of resist corrosion.
 20572 | D:11     | 20572 ||| UPGRADING to ring "Vusoav" {AC+4 Dex+3 SInv}.
 20574 | D:11     | 20574 ||| DROPPING ring of see invisible.
 20708 | D:12     | 20708 ||| Stepping ~*~*~tactically~*~*~ (hiding).
 20918 | D:12     | 20918 ||| INVOKING Brothers in Arms.
 20920 | D:12     | 20920 ||| SWAPPING to +5 hand axe of flaming.
 20921 | D:12     | 20921 ||| INVOKING Berserk.
 20931 | D:12     | 20931 ||| SWAPPING to +4 war axe of venom.
 21049 | D:12     | 21049 ||| INVOKING Brothers in Arms.
 21050 | D:12     | 21050 ||| INVOKING Brothers in Arms.
 21053 | D:12     | 21053 ||| SWAPPING to +5 hand axe of flaming.
 21055 | D:12     | 21055 ||| INVOKING Berserk.
 21063 | D:12     | 21063 ||| SWAPPING to +4 war axe of venom.
 21506 | D:12     | 21506 ||| Stepping ~*~*~tactically~*~*~ (hiding).
 21864 | D:13     | 21864 ||| INVOKING Berserk.
 22179 | D:13     | Noticed Josephine
 22194 | D:13     | Killed Josephine
 22274 | D:13     | 22274 ||| FLEEEEING.
 22277 | D:13     | 22277 ||| STAIRDANCE
 22323 | D:13     | 22323 ||| Stepping ~*~*~tactically~*~*~ (hiding).
 22326 | D:13     | 22326 ||| INVOKING Berserk.
 22432 | D:13     | 22432 ||| INVOKING Berserk.
 22638 | D:13     | 22638 ||| Stepping ~*~*~tactically~*~*~ (hiding).
 23132 | D:13     | 23132 ||| READING scroll labelled FIYSOO HUNEA.
 23320 | D:14     | Noticed Nessos
 23321 | D:14     | 23321 ||| Stepping ~*~*~tactically~*~*~ (hiding).
 23323 | D:14     | 23323 ||| Stepping ~*~*~tactically~*~*~ (hiding).
 23335 | D:14     | 23335 ||| Stepping ~*~*~tactically~*~*~ (hiding).
 23337 | D:14     | Killed Nessos
 23338 | D:14     | Reached XP level 15. HP: 75/98 MP: 15/15
 23338 | D:14     | 23338 ||| Stepping ~*~*~tactically~*~*~ (hiding).
 23348 | D:14     | Reached skill level 9 in Shields
 23349 | D:14     | 23349 ||| INVOKING Berserk.
 23349 | D:14     | Noticed Azrael
 23362 | D:14     | HP: 35/148 [hell hound/blast of flame[Azrael] (5)]
 23366 | D:14     | Killed Azrael
 23368 | D:14     | 23368 ||| READING 4 scrolls of teleportation.
 23369 | D:14     | 23369 ||| DRINKING 2 potions of heal wounds.
 23370 | D:14     | HP: 17/99 [fire elemental[Azrael] (13)]
 23371 | D:14     | 23371 ||| DRINKING potion of heal wounds.
 23589 | D:14     | 23589 ||| Stepping ~*~*~tactically~*~*~ (stealth).
 23590 | D:14     | 23590 ||| Stepping ~*~*~tactically~*~*~ (stealth).
 23596 | D:14     | 23596 ||| Stepping ~*~*~tactically~*~*~ (stealth).
 23621 | D:14     | 23621 ||| Stepping ~*~*~tactically~*~*~ (stealth).
 23623 | D:14     | 23623 ||| Stepping ~*~*~tactically~*~*~ (stealth).
 23624 | D:14     | 23624 ||| Stepping ~*~*~tactically~*~*~ (stealth).
 23632 | D:14     | 23632 ||| Stepping ~*~*~tactically~*~*~ (hiding).
 23633 | D:14     | 23633 ||| Stepping ~*~*~tactically~*~*~ (hiding).
 23634 | D:14     | 23634 ||| Stepping ~*~*~tactically~*~*~ (hiding).
 23636 | D:14     | 23636 ||| Stepping ~*~*~tactically~*~*~ (hiding).
 23813 | D:14     | 23813 ||| INVOKING Berserk.
 23948 | D:14     | 23948 ||| INVOKING Berserk.
 23964 | D:14     | Noticed Frances
 23965 | D:14     | 23965 ||| Stepping ~*~*~tactically~*~*~ (hiding).
 23976 | D:14     | HP: 23/100 [Frances/iron shot (46)]
 23977 | D:14     | 23977 ||| READING 4 scrolls of teleportation.
 23978 | D:14     | 23978 ||| SWAPPING to +5 hand axe of flaming.
 23981 | D:14     | 23981 ||| SWAPPING to +4 war axe of venom.
 23985 | D:14     | Killed Frances
 23987 | D:14     | 23987 ||| INVOKING Brothers in Arms.
 23990 | D:14     | 23990 ||| SWAPPING to +5 hand axe of flaming.
 23995 | D:14     | 23995 ||| Stepping ~*~*~tactically~*~*~ (hiding).
 23997 | D:14     | HP: 15/100 [centaur warrior/arrow (14)]
 23998 | D:14     | 23998 ||| READING 3 scrolls of teleportation.
 23999 | D:14     | 23999 ||| SWAPPING to +4 war axe of venom.
 24362 | D:14     | 24362 ||| Stepping ~*~*~tactically~*~*~ (hiding).
 24363 | D:14     | 24363 ||| Stepping ~*~*~tactically~*~*~ (hiding).
 24364 | D:14     | 24364 ||| SWAPPING to +5 hand axe of flaming.
 24372 | D:14     | 24372 ||| SWAPPING to +4 war axe of venom.
 24413 | D:14     | 24413 ||| Stepping ~*~*~tactically~*~*~ (stealth).
 24436 | D:14     | Found a gate to the Vaults.
 24489 | D:14     | 24489 ||| READING scroll of enchant armour.
 24489 | D:14     | 24489 ||| ENCHANTING +1 helmet.
 24564 | D:14     | 24564 ||| READING scroll of enchant weapon.
 24564 | D:14     | 24564 ||| ENCHANTING +4 war axe of venom.
 24749 | D:14     | Noticed Roxanne
 24752 | D:14     | 24752 ||| INVOKING Berserk.
 24791 | D:14     | Killed Roxanne
 25040 | D:15     | Entered Level 15 of the Dungeon
 25040 | D:15     | Found a transporter.
 25095 | D:15     | 25095 ||| Stepping ~*~*~tactically~*~*~ (hiding).
 25102 | D:15     | 25102 ||| INVOKING Berserk.
 25233 | D:15     | Noticed Rupert
 25234 | D:15     | 25234 ||| INVOKING Trog's Hand.
 25238 | D:15     | 25238 ||| INVOKING Berserk.
 25241 | D:15     | Killed Rupert
 25440 | D:15     | 25440 ||| FLEEEEING.
 25441 | D:15     | 25441 ||| FLEEEEING.
 25442 | D:15     | 25442 ||| FLEEEEING.
 25443 | D:15     | 25443 ||| FLEEEEING.
 25454 | D:15     | 25454 ||| FLEEEEING.
 25455 | D:15     | 25455 ||| FLEEEEING.
 25456 | D:15     | 25456 ||| FLEEEEING.
 25457 | D:15     | 25457 ||| FLEEEEING.
 25458 | D:15     | 25458 ||| FLEEEEING.
 25462 | D:15     | 25462 ||| STAIRDANCE
 25600 | D:14     | 25600 ||| UPGRADING to +1 plate armour of cold resistance.
 25610 | D:14     | 25610 ||| DROPPING +5 chain mail of Boaluata {rElec}.
 25614 | D:15     | 25614 ||| Stepping ~*~*~tactically~*~*~ (hiding).
 25737 | D:15     | 25737 ||| Stepping ~*~*~tactically~*~*~ (stealth).
 25740 | D:15     | 25740 ||| Stepping ~*~*~tactically~*~*~ (stealth).
 25743 | D:15     | 25743 ||| Stepping ~*~*~tactically~*~*~ (stealth).
 25754 | D:15     | 25754 ||| INVOKING Trog's Hand.
 25755 | D:15     | 25755 ||| INVOKING Berserk.
 25802 | D:15     | 25802 ||| Stepping ~*~*~tactically~*~*~ (stealth).
 26037 | D:15     | 26037 ||| Stepping ~*~*~tactically~*~*~ (stealth).
 26043 | D:15     | 26043 ||| INVOKING Berserk.
 26258 | D:15     | 26258 ||| Stepping ~*~*~tactically~*~*~ (hiding).
 26261 | D:15     | 26261 ||| Stepping ~*~*~tactically~*~*~ (hiding).
 26262 | D:15     | 26262 ||| Stepping ~*~*~tactically~*~*~ (hiding).
 26325 | D:15     | Noticed qw's ghost (journeyman FoCA)
 26325 | D:15     | Noticed a storm dragon
 26351 | D:15     | Found a transporter.
 26491 | D:15     | 26491 ||| Stepping ~*~*~tactically~*~*~ (stealth).
 26512 | D:15     | 26512 ||| Stepping ~*~*~tactically~*~*~ (hiding).
 26516 | D:15     | 26516 ||| INVOKING Trog's Hand.
 26535 | D:15     | 26535 ||| Stepping ~*~*~tactically~*~*~ (stealth).
 26575 | D:15     | Found a staircase to the Depths.
 26606 | D:15     | 26606 ||| PLANNING ORC
 26746 | Orc:1    | Entered Level 1 of the Orcish Mines
 26822 | Orc:1    | 26822 ||| Stepping ~*~*~tactically~*~*~ (stealth).
 26824 | Orc:1    | 26824 ||| Stepping ~*~*~tactically~*~*~ (hiding).
 26833 | Orc:1    | Received a gift from Trog
 26916 | Orc:1    | 26916 ||| DROPPING +2 antimagic war axe.
 26939 | Orc:1    | 26939 ||| Stepping ~*~*~tactically~*~*~ (stealth).
 26940 | Orc:1    | 26940 ||| Stepping ~*~*~tactically~*~*~ (stealth).
 26960 | Orc:1    | 26960 ||| Stepping ~*~*~tactically~*~*~ (stealth).
 27037 | Orc:1    | 27037 ||| Stepping ~*~*~tactically~*~*~ (hiding).
 27042 | Orc:1    | 27042 ||| INVOKING Trog's Hand.
 27044 | Orc:1    | 27044 ||| INVOKING Berserk.
 27234 | Orc:1    | Found a runed translucent door.
 27485 | Orc:1    | 27485 ||| READING 2 scrolls of teleportation.
 27489 | Orc:1    | 27489 ||| INVOKING Berserk.
 27615 | Orc:1    | 27615 ||| READING scroll of teleportation.
 27631 | Orc:2    | Entered Level 2 of the Orcish Mines
 27666 | Orc:2    | 27666 ||| INVOKING Berserk.
 27698 | Orc:2    | 27698 ||| INVOKING Trog's Hand.
 27702 | Orc:2    | HP: 20/98 [orc sorcerer/bolt of negative energy (16)]
 27706 | Orc:2    | HP: 5/98 [orc sorcerer/bolt of fire (20)]
 27707 | Orc:2    | Killed from afar by an orc sorcerer

Levels and vault maps discovered:
D:1:      roderic_dead_forest, layout_loops_corners, hex_medium, hex_large
D:2:      layout_rooms, dreamdust_ecumenical_altar_sealed_demon
D:3:      layout_rooms, minmay_cut_off, uniq_crazy_yiuf_cottage
D:4:      layout_rooms, mainiacjoe_overflow_cross_hatched,
          minmay_temple_entry_crystal_x, dk_vineyard_1
D:5:      minmay_thinvault, layout_cave_pods, ebering_ghost_sewer_d,
          serial_rivers, chequers_serial_rivers_small_3,
          chequers_serial_rivers_large_a, chequers_serial_rivers_micro_c,
          chequers_serial_rivers_micro_a, chequers_serial_rivers_micro_a,
          grunt_decor_cap, uniq_duvessa, uniq_edmund, uniq_pikel,
          uniq_prince_ribbit1, uniq_ijyb
D:6:      layout_loops_corners, okawaru_altar_gauntlet_db
D:7:      layout_basic
D:8:      layout_basic, grunt_dithmenos_smoke, lemuel_doored_altar,
          nicolae_overflow_two_pavilions, minmay_lair_entry_grove, serial_shops,
          nicolae_shop_hallway_stairs, nicolae_shop_trees, shop, shop,
          nicolae_shop_trees, uniq_joseph
D:9:      layout_irregular_city, zombieorc2_lemuel, nicolae_figureground_pulse
D:10:     layout_irregular_city, uniq_erolcha
D:11:     minmay_the_grid_triangle_9x9_recursive_2_mashed
          [minmay_the_grid_triangle_9x9_prize_schism,
          minmay_the_grid_triangle_9x9_semitri,
          minmay_the_grid_triangle_9x9_corruption,
          minmay_the_grid_triangle_9x9_swiss_cheese], layout_rooms, uniq_psyche,
          uniq_lodul
D:12:     layout_roguey
D:13:     layout_basic, uniq_josephine
D:14:     minmay_spotlight, layout_basic, david_vaults_4, serial_park_tiny_1,
          uniq_roxanne, uniq_nessos, uniq_frances, uniq_azrael
D:15:     gammafunk_enter_depths_forms, layout_stronghold,
          gammafunk_ghost_arena, uniq_rupert
Lair:1:   minmay_guarded_unrand_snakebite, layout_regular_city,
          wad_woods_road_06, patterned_corridor
Lair:2:   layout_gridlike, minmay_shoals_entry_centaurs,
          nicolae_lair_grazing_beasts [nicolae_sub_lair_graze_edge,
          nicolae_sub_lair_graze_edge, nicolae_sub_lair_graze_edge,
          nicolae_sub_lair_graze_edge], serial_bayou_shore_a
Lair:3:   beast_lair_carwin_large_2, layout_chaotic_city,
          hellmonk_spider_entry_life_and_decay, grunt_megastairs_1
Lair:4:   layout_regular_city, gauntlet_entry_generic, uniq_snorg
Lair:5:   minmay_lair_end_enchanted_forest, layout_cave_pods, slime_entry_2,
          nicolae_lair_lindhole
Orc:1:    layout_diamond_mine, lightli_church_of_beogh
Orc:2:    grunt_orc_tribal_feast, layout_diamond_mine, serial_shops, shop

Skill      XL: |  1  2  3  4  5  6  7  8  9 10 11 12 13 14 15 |
---------------+----------------------------------------------+-----
Axes           | 3 4 5 7 8 9 11 12 14 16 | 16.0
Throwing       | 1 2 3 4 5 6 7 8 |  8.0
Armour         | 3 4 5 7 8 9 10 11 12 14 | 14.0
Fighting       | 4 6 7 8 10 11 12 13 14 | 14.7
Dodging        | 2 4 5 |  5.0
Shields        | 8 9 |  9.0

Action                   |  1- 3 |  4- 6 |  7- 9 | 10-12 | 13-15 || total
-------------------------+-------+-------+-------+-------+-------++-------
Melee: Hand axe          |   101 |    59 |   158 |   110 |    41 ||   469
       Punch             |     1 |       |       |     6 |     4 ||    11
       War axe           |       |       |       |   474 |  1172 ||  1646
Throw: Javelin           |     2 |    23 |    35 |    91 |   155 ||   306
       Boomerang         |       |       |       |    13 |    28 ||    41
Invok: Berserk           |       |     2 |     8 |    20 |    33 ||    63
       Brothers in Arms  |       |       |       |       |     7 ||     7
       Trog's Hand       |       |       |       |       |     6 ||     6
  Use: Scroll            |     6 |     7 |     5 |     9 |    16 ||    43
       Potion            |     1 |     1 |       |     3 |     6 ||    11
Armor: Animal skin       |    23 |       |       |       |       ||    23
       Leather armour    |     7 |    12 |       |       |       ||    19
       Plate armour      |       |    19 |    76 |   408 |   235 ||   738
       Chain mail        |       |       |       |       |   253 ||   253
Dodge: Dodged            |    54 |    20 |    34 |   305 |   441 ||   854
Block: Other             |       |       |     7 |   132 |    55 ||   194
       Reflection        |       |       |       |     3 |    24 ||    27
       Buckler           |       |       |       |       |   350 ||   350

Table legend:
 A = Non-vault XP
 B = Vault XP
 C = Vault XP percentage of total XP
 D = Non-vault monster count
 E = Vault monster count
 F = Vault count percentage of total count
                 A         B        C        D         E       F
            +---------+---------+-------+---------+---------+-------
      Total |   76437 |   51200 |  40.1 |     454 |     225 |  33.1
            +---------+---------+-------+---------+---------+-------
        D:1 |      36 |       0 |   0.0 |      24 |       0 |   0.0
        D:2 |      28 |       0 |   0.0 |      10 |       0 |   0.0
        D:3 |      60 |       2 |   3.2 |      22 |       2 |   8.3
        D:4 |      78 |       0 |   0.0 |       9 |       0 |   0.0
        D:5 |     895 |    1957 |  68.6 |      17 |      25 |  59.5
        D:6 |    1795 |      13 |   0.7 |      23 |       6 |  20.7
        D:7 |    1644 |       0 |   0.0 |      36 |       0 |   0.0
        D:8 |    2756 |    2563 |  48.2 |      27 |      13 |  32.5
        D:9 |    2204 |     517 |  19.0 |      39 |      34 |  46.6
       D:10 |     651 |     878 |  57.4 |      13 |       1 |   7.1
       D:11 |    3346 |    6943 |  67.5 |      22 |      19 |  46.3
       D:12 |    4991 |       0 |   0.0 |      17 |       0 |   0.0
       D:13 |    7717 |    1714 |  18.2 |      17 |       5 |  22.7
       D:14 |    8927 |    9308 |  51.0 |      13 |      17 |  56.7
       D:15 |   11806 |    6735 |  36.3 |      30 |      10 |  25.0
     Lair:1 |    7067 |    2396 |  25.3 |      24 |      11 |  31.4
     Lair:2 |    4351 |    3286 |  43.0 |      14 |      11 |  44.0
     Lair:3 |    1824 |    2550 |  58.3 |       8 |      11 |  57.9
     Lair:4 |    4726 |     947 |  16.7 |      12 |       1 |   7.7
     Lair:5 |    7397 |   10346 |  58.3 |      27 |      46 |  63.0
      Orc:1 |    2099 |    1045 |  33.2 |      24 |      13 |  35.1
      Orc:2 |    2039 |       0 |   0.0 |      26 |       0 |   0.0
            +---------+---------+-------+---------+---------+-------
